 Dungeon Crawl Stone Soup version 0.30-a0-178-g4db885d750 (webtiles) character file.

Game seed: 8619543737151261128

41 Aibolit the Shooter (level 3, 0/31 HPs)
             Began as a Hill Orc Hunter on Oct 3, 2022.
             Killed from afar by a dart slug (3 damage)
             ... with a slug dart
             ... on level 2 of the Dungeon.
             The game lasted 00:02:26 (1087 turns).

Aibolit the Shooter (Hill Orc Hunter)               Turns: 1087, Time: 00:02:27

Health: 0/31       AC:  3    Str: 13    XL:     3   Next: 52%
Magic:  3/3        EV: 12    Int:  9    God:
Gold:   56         SH:  0    Dex: 16    Spells: 2/2 levels left

rFire   . . .      SeeInvis .    a - +0 shortbow
rCold   . . .      Faith    .    (shield currently unavailable)
rNeg    . . .      Spirit   .    c - +0 leather armour
rPois   .          Reflect  .    (no helmet)
rElec   .          Harm     .    (no cloak)
rCorr   .          Rampage  .    (no gloves)
Will    .....                    (no boots)
Stlth   ++........               (no amulet)
HPRegen 0.25/turn                (no ring)
MPRegen 0.08/turn                (no ring)

@: no status effects
A: no striking features
a: no special abilities


You were on level 2 of the Dungeon.
You visited 1 branch of the dungeon, and saw 2 of its levels.

You collected 56 gold pieces.

Inventory:

Hand Weapons
 a - a +0 shortbow (weapon)
Armour
 c - a +0 leather armour (worn)
Scrolls
 b - a scroll of immolation


   Skills:
 + Level 3.1 Fighting
 + Level 3.9 Ranged Weapons
 + Level 2.0 Dodging
 + Level 1.5 Stealth


You had 2 spell levels left.
You didn't know any spells.
Your spell library contained the following spells:

 Spells                   Type           Power      Damage    Failure   Level
 Beastly Appendage        Tmut           0%         N/A       45%         1
 Wereblood                Tmut           0%         N/A       61%         2
 Spider Form              Tmut/Pois      0%         N/A       83%         3


Dungeon Overview and Level Annotations

Branches:
Dungeon (2/15)

Altars:

Annotations:
D:2 Sigmund


Message History

Unknown command.
A dart slug is nearby!
A dart slug is nearby!
A dart slug is nearby!
A dart slug is nearby!
A dart slug is nearby!
You are too injured to fight recklessly!
A dart slug is nearby!
A dart slug is nearby!
You hear some strange, mumbled words.
You are confused.
Your surroundings suddenly seem different.
A frilled lizard comes into view.
Found a scroll of vulnerability.
The frilled lizard hisses angrily.
The frilled lizard bites you.
* * * LOW HITPOINT WARNING * * *
The frilled lizard barely misses you.
You shoot an arrow. The frilled lizard bites you.
* * * LOW HITPOINT WARNING * * *
A dart slug comes into view.
The frilled lizard misses you.
You shoot an arrow. The dart slug launches a dart at you.
The slug dart misses you.
The frilled lizard bites you but does no damage.
The frilled lizard attacks as you move away!
The frilled lizard bites you.
* * * LOW HITPOINT WARNING * * *
You barely miss the frilled lizard.
You feel less confused. The frilled lizard barely misses you.
Found 8 gold pieces.
The frilled lizard barely misses you. The frilled lizard closely misses you.
The frilled lizard attacks as you move away!
The frilled lizard bites you but does no damage.
Found a stone staircase leading down.
The dart slug launches a dart at you. The slug dart hits you.
You die...

#.. .....# >...
#... ....##....
................
.....#..........
.....#........##
$..?............
................
....w..@........
.......l........
................
.........#......
.........#......
.........# .....
.....##### ....
##### .... .


You could see a dart slug and a frilled lizard.

Vanquished Creatures
  An adder (D:2)
  2 worms (D:2)
  2 dart slugs
  3 endoplasms
  3 goblins
  3 hobgoblins (D:1)
  3 ball pythons
  2 bats (D:1)
  2 kobolds
  2 rats (D:2)
23 creatures vanquished.

Notes
Turn   | Place    | Note
-------+----------+-------------------------------------------
     0 | D:1      | Aibolit the Hill Orc Hunter began the quest for the Orb.
     0 | D:1      | Reached XP level 1. HP: 18/18 MP: 1/1
   100 | D:1      | Reached skill level 1 in Stealth
   144 | D:1      | Reached XP level 2. HP: 25/25 MP: 2/2
   527 | D:2      | Noticed Sigmund
   967 | D:2      | Reached XP level 3. HP: 30/30 MP: 3/3
  1082 | D:2      | HP: 1/31 [frilled lizard (2)]
  1087 | D:2      | Killed from afar by a dart slug

Illustrated notes

Levels and vault maps discovered:
D:1:      dpeg_arrival_tiny_c, layout_basic, minmay_quantized
D:2:      layout_basic, basic_altar, chequers_serial_rivers_micro_c,
          uniq_sigmund

Skill      XL: |  1  2  3 |
---------------+----------+-----
Stealth        | 1 |  1.5
Fighting       | 3 |  3.1
Dodging        | 2 |  2.0
Ranged Weapons | |  3.9

Action                   || total
-------------------------++-------
Melee: Shortbow          ||     1
 Fire: Shortbow          ||    91
  Use: Scroll            ||     3
Armor: Leather armour    ||    17
Dodge: Dodged            ||    23

Table legend: (Time is in decaauts)
 A = Elapsed time spent in this place.
 B = Non-inter-level travel time spent in this place.
 C = Inter-level travel time spent in this place.
 D = Time resting spent in this place.
 E = Time spent auto-exploring this place.
 F = Levels seen in this place.
 G = Mean time per level.
                   A        B        C        D        E       F      G
               +--------+--------+--------+--------+--------+-----+--------+
         Total |   1122 |    792 |    330 |     43 |    508 |   2 |  561.0 |
       Dungeon |   1122 |    792 |    330 |     43 |    508 |   2 |  561.0 |
               +--------+--------+--------+--------+--------+-----+--------+

Top non-repeatable levels by time:
     D:1: 797 daAuts
     D:2: 324 daAuts
